 Dungeon Crawl Stone Soup version 0.21.1-1-g345015f (webtiles) character file.

93 asishallab the Ruffian (level 4, -1/44 HPs)
             Began as a Troll Monk on May 16, 2018.
             Was a Follower of Ru.
             Succumbed to kobold's curare-tipped needle
             ... on level 3 of the Dungeon.
             The game lasted 00:04:27 (983 turns).

asishallab the Ruffian (Troll Monk)                  Turns: 983, Time: 00:04:28

Health: -1/44      AC:  5    Str: 19    XL:     4   Next: 36%
Magic:  3/3        EV:  6    Int:  6    God:    Ru [*.....]
Gold:   64         SH: 12    Dex: 13    Spells: 3/3 levels left

rFire    . . .     SeeInvis .     - Unarmed
rCold    . . .     Gourm    +   j - +0 large shield
rNeg     . . .     Faith    .   a - +0 robe
rPois    .         Spirit   .   (helmet restricted)
rElec    .         Reflect  .   (no cloak)
rCorr    .         Harm     .   (gloves unavailable)
MR       .....                  (boots unavailable)
Stlth    ++........             (no amulet)
HPRegen  0.54/turn              (no ring)
MPRegen  0.08/turn              (no ring)

@: lethally poisoned (-1 -> -30), no potions, slowed, very slow
A: large, unfitting armour, claws 3, fast metabolism 3, gourmand, regeneration
1, shaggy fur 1, tough skin 2, inability to drink while threatened
a: Renounce Religion


You were on level 3 of the Dungeon.
You worshipped Ru.
Ru was aware of your devotion.
You were very full.

You visited 1 branch of the dungeon, and saw 3 of its levels.

You collected 64 gold pieces.

Inventory:

Missiles
 p - an exploding tomahawk
 q - 20 stones (quivered)
Armour
 a - a +0 robe (worn)
 j - a +0 large shield (worn)
Jewellery
 h - an uncursed amulet of harm {unknown}
Scrolls
 d - 2 scrolls of immolation {unknown}
 e - 3 scrolls of remove curse {unknown}
 i - 3 scrolls of identify {unknown}
 k - a scroll of enchant weapon {unknown}
 l - a scroll of fog {unknown}
 n - a scroll of teleportation {unknown}
Potions
 c - a potion of heal wounds {unknown}
 g - a potion of might {unknown}
 m - 2 potions of curing {unknown}
 o - a potion of lignification {unknown}
Comestibles
 b - 10 rations


   Skills:
 - Level 2.4 Fighting
 + Level 3.3 Dodging
 - Level 1.0 Stealth
 + Level 1.2 Shields
 + Level 4.0 Unarmed Combat


You had 3 spell levels left.
You didn't know any spells.

Dungeon Overview and Level Annotations

Branches:
Dungeon (3/15)

Altars:
Ru
Vehumet


Innate Abilities, Weirdness & Mutations

You are too large for most types of armour.
You have claws for hands.
Your metabolism is lightning-fast.
You like to eat raw meat.
Your natural rate of healing is unusually fast.
You are covered in fur. (AC +1)
You have very tough skin. (AC +2)
You cannot drink potions while threatened.


Message History

The curare-tipped needle barely misses you.
You miss the adder.
The adder is moderately wounded.
You feel very sick. You block the adder's attack.
The kobold shoots a curare-tipped needle.
The curare-tipped needle barely misses you.
The adder bites you.
You are more poisoned.
The adder poisons you!
The kobold shoots a curare-tipped needle.
The curare-tipped needle hits you.
You are lethally poisoned!
You have difficulty breathing.
* * * LOW HITPOINT WARNING * * *
You feel as though you will be slow longer.
* * * LOW HITPOINT WARNING * * *
You feel very sick. You block the adder's attack.
You die...

# .. . #. ###._
.. +.. ... ...
#... ... ....
#.K..##.##.....
...............
#S# #.# #@#
#......##
######. #. ##


You could see an adder.

Vanquished Creatures
  3 gnolls (D:2)
  2 adders (D:2)
  An ooze (D:2)
  3 dart slugs (D:1)
  6 bats
  A giant cockroach (D:2)
  4 hobgoblins (D:2)
  6 kobolds
  A frilled lizard (D:2)
  6 goblins
  4 rats
37 creatures vanquished.

Notes
Turn   | Place    | Note
-------+----------+-------------------------------------------
     0 | D:1      | asishallab the Troll Monk began the quest for the Orb.
     0 | D:1      | Reached XP level 1. HP: 22/22 MP: 0/0
   178 | D:1      | Reached XP level 2. HP: 29/29 MP: 1/1
   555 | D:2      | Reached XP level 3. HP: 36/36 MP: 2/2
   684 | D:2      | Reached skill level 1 in Shields
   687 | D:2      | Reached XP level 4. HP: 40/44 MP: 3/3
   856 | D:2      | Reached skill level 4 in Unarmed Combat
   864 | D:2      | Found a faded altar of an unknown god.
   866 | D:2      | Became a worshipper of Ru the Awakened
   877 | D:2      | Gained mutation: You cannot drink potions while threatened. [Ru sacrifice]
   877 | D:2      | Reached * piety under Ru
   977 | D:3      | Found a radiant altar of Vehumet.
   983 | D:3      | Succumbed to kobold's curare-tipped needle

Skill      XL: |  1  2  3  4 |
---------------+-------------+-----
Dodging        | 3 |  3.3
Shields        | 1 |  1.2
Unarmed Combat | 4 |  4.0
Fighting       | |  2.4
Stealth        | |  1.0

Action                   |  1- 3 |  4- 6 || total
-------------------------+-------+-------++-------
Melee: Unarmed           |    68 |    16 ||    84
       Punch             |     1 |       ||     1
Throw: Tomahawk          |       |     1 ||     1
Invok: Sacrifice Drink   |       |     1 ||     1
 Stab: Sleeping          |     3 |       ||     3
       Distracted        |       |     1 ||     1
  Eat: Chunk             |    12 |     2 ||    14
Armor: Robe              |    14 |     1 ||    15
Dodge: Dodged            |    22 |     5 ||    27
Block: Large shield      |    32 |    10 ||    42
